 Dungeon Crawl Stone Soup version 0.29.1 (webtiles) character file.

Game seed: 12963630723699546599

104 Ijustatesigmund the Trooper (level 4, 0/30 HPs)
             Began as a Gargoyle Fighter on Sept 13, 2022.
             Slain by a gnoll
             ... wielding a +0 flail
             ... led by a gnoll bouda
              (13 damage)
             ... on level 1 of the Dungeon.
             The game lasted 00:02:14 (1344 turns).

Ijustatesigmund the Trooper (Gargoyle Fighter)      Turns: 1344, Time: 00:02:14

Health: 0/30       AC: 16    Str: 20    XL:     4   Next: 80%
Magic:  4/4        EV:  5    Int: 10    God:
Gold:   112        SH:  4    Dex:  9    Spells: 3/3 levels left

rFire   . . .      SeeInvis .   a - +0 flail
rCold   . . .      Faith    .   c - +0 buckler
rNeg    + . .      Spirit   .   b - +0 plate armour
rPois   ∞          Reflect  .   (no helmet)
rElec   +          Harm     .   k - +0 cloak
rCorr   .          Rampage  .   (no gloves)
Will    .....                   (no boots)
Stlth   ..........              (no amulet)
HPRegen 0.10/turn               (no ring)
MPRegen 0.09/turn               (no ring)

@: no status effects
A: sickness immunity, AC +3, negative energy resistance 1, electricity
resistance, torment resistance 1, petrification resistance
a: no special abilities


You were on level 1 of the Dungeon.
You visited 1 branch of the dungeon, and saw 2 of its levels.

You collected 112 gold pieces.

Inventory:

Hand Weapons
 a - a +0 flail (weapon)
Armour
 b - a +0 plate armour (worn)
 c - a +0 buckler (worn)
 k - a +0 cloak (worn)
Scrolls
 e - a scroll of enchant weapon {unknown}
 g - 2 scrolls of identify
Potions
 f - a potion of magic
 h - a potion of haste {unknown}
 j - a potion of invisibility {unknown}


   Skills:
 + Level 4.3 Fighting
 + Level 3.1 Maces & Flails
 + Level 4.3 Armour
 - Level 3.2 Shields


You had 3 spell levels left.
You didn't know any spells.
Your spell library was empty.

Dungeon Overview and Level Annotations

Branches:
Dungeon (2/15)

Altars:

Annotations:
D:2 Sigmund, Terence


Innate Abilities, Weirdness & Mutations

You are immune to sickness and miasma.
Your stone body is resilient. (AC +3)
You are immune to poison.
You resist negative energy. (rN+)
You are resistant to electric shocks. (rElec)
You are resistant to unholy torment.
You are immune to petrification.


Message History

You are too injured to fight recklessly!
You are too injured to fight recklessly!
You are too injured to fight recklessly!
You are too injured to fight recklessly!
You are too injured to fight recklessly!
You are too injured to fight recklessly!
You are too injured to fight recklessly!
You are too injured to fight recklessly!
You are too injured to fight recklessly!
As you read the scroll labelled PAC XIGUHAUBRO, it crumbles to dust.
It is a scroll of identify.
f - a potion of magic The gnoll barely misses you.
The gnoll bouda barks out a call to the hunt!
The gnolls pick up the pace!
The gnoll attacks as you move away! The gnoll hits you but does no damage.
The gnoll hits you with a +0 flail.
* * * LOW HITPOINT WARNING * * *
You see here a +2 dagger of electrocution.
The gnoll attacks as you move away! The gnoll hits you but does no damage.
Things that are here:
a +0 dagger; a goblin corpse The gnoll hits you but does no damage.
The gnoll attacks as you move away! The gnoll completely misses you.
There is a stone staircase leading up here.
The gnoll hits you with a +0 flail.
* * * LOW HITPOINT WARNING * * *
The gnoll hits you but does no damage.
Terence bares his teeth.
You climb upwards.
There is a stone staircase leading down here.
It was a potion of heal wounds.
You feel much better. You block the gnoll's attack.
The gnoll barely misses you.
You thump the gnoll!
The gnoll is severely wounded.
The gnoll hits you with a +0 flail! The gnoll hits you but does no damage.
You barely miss the gnoll.
The gnoll is severely wounded.
The gnoll hits you with a +0 flail!
You die...

...........##.# #.#.#
...#######.##.#####.#.#
...# #.##.........#
..## #.#######.#### .##
#.# #.# ## #.# #.# #
#.# #.# # #.#######.# #
#.....g@g.# #
########### # #


You could see 2 gnolls.

Vanquished Creatures
  Robin (D:2)
  4 adders (D:2)
  A worm (D:2)
  2 dart slugs (D:2)
  4 ball pythons
  2 endoplasms (D:1)
  3 giant cockroaches
  14 goblins
  4 hobgoblins
  3 jackals (D:2)
  2 bats
  A frilled lizard (D:1)
  4 kobolds
  3 rats
48 creatures vanquished.

Notes
Turn   | Place    | Note
-------+----------+-------------------------------------------
     0 | D:1      | Ijustatesigmund the Gargoyle Fighter began the quest for
                  | the Orb.
     0 | D:1      | Reached XP level 1. HP: 14/14 MP: 1/1
   348 | D:1      | Reached XP level 2. HP: 19/19 MP: 2/2
   881 | D:2      | Noticed Sigmund
   883 | D:2      | Reached XP level 3. HP: 24/24 MP: 3/3
  1025 | D:2      | Reached XP level 4. HP: 23/29 MP: 4/4
  1053 | D:2      | Noticed Robin
  1235 | D:2      | Killed Robin
  1328 | D:2      | Noticed Terence
  1344 | D:1      | Slain by a gnoll

Illustrated notes

Levels and vault maps discovered:
D:1:      eino_arrival_druids_welcome, layout_loops_ring
D:2:      layout_rooms, nicolae_elevator_lobby_plus, uniq_terence, uniq_sigmund,
          uniq_robin

Skill      XL: |  1  2  3  4 |
---------------+-------------+-----
Fighting       | 4 |  4.3
Armour         | 4 |  4.3
Maces & Flails | 3 |  3.1
Shields        | |  3.2

Action                   |  1- 3 |  4- 6 || total
-------------------------+-------+-------++-------
Melee: Flail             |    80 |    71 ||   151
  Use: Potion            |     1 |     1 ||     2
       Scroll            |       |     1 ||     1
Armor: Plate armour      |    64 |    79 ||   143
Dodge: Dodged            |    23 |    23 ||    46
Block: Buckler           |    21 |    27 ||    48
